 Dungeon Crawl Stone Soup version 0.31-a0-188-g5e087ee2ca (webtiles) character file.

Game seed: 7163473638161112233

39 qw the Shooter (level 3, -3/20 HPs)
             Began as a Deep Elf Hunter on June 23, 2023.
             Slain by Sigmund
             ... wielding a +0 scythe
              (5 damage)
             ... on level 2 of the Dungeon.
             The game lasted 00:00:30 (1466 turns).

qw the Shooter (Deep Elf Hunter)                    Turns: 1466, Time: 00:00:30

Health: -3/20      AC:  6    Str: 10    XL:     3   Next: 26%
Magic:  5/5        EV:  9    Int: 13    God:
Gold:   62         SH:  0    Dex: 18    Spells: 2/2 levels left

rFire   . . .        k - +0 shortbow (heavy)
rCold   . . .        (shield currently unavailable)
rNeg    . . .        g - +0 scale mail
rPois   .            (no helmet)
rElec   .            (no cloak)
rCorr   .            (no gloves)
SInv    .            (no boots)
Will    .....        (no amulet)
Stlth   +            (no ring)
HPRegen 0.23/turn    (no ring)
MPRegen 0.09/turn

%: no passive effects
@: no status effects
A: no striking features
a: no special abilities


You were on level 2 of the Dungeon.
You visited 1 branch of the dungeon, and saw 2 of its levels.

You collected 62 gold pieces.


   Skills:
 - Level 1.5 Fighting
 + Level 6.8 Ranged Weapons
 - Level 2.4 Dodging
 - Level 1.2 Stealth


You had 2 spell levels left.
You didn't know any spells.
Your spell library was empty.

Inventory:

Hand Weapons
 k - a +0 heavy shortbow (weapon)
Armour
 b - a +0 ring mail
 g - a +0 scale mail (worn)
Jewellery
 c - a ring of flight
Scrolls
 a - a scroll of acquirement {unknown}
 e - a scroll of identify
 f - 2 scrolls of teleportation
Potions
 d - 2 potions of degeneration {unknown}
 h - a potion of attraction {unknown}
 j - a potion of curing {unknown}

Dungeon Overview and Level Annotations

Branches:
Dungeon (2/15)

Altars:

Shops:
D:1 (=(

Annotations:
D:2 Sigmund


Message History

Enter note:
Enter note:
Enter note:
Enter note:
Enter note: You shoot an arrow.
The arrow closely misses Sigmund.
Sigmund hits you but does no damage.
You shoot an arrow. The arrow completely misses Sigmund.
Sigmund casts a spell at you. The magic dart hits you.
Sigmund hits you from afar with a +0 scythe!
You shoot an arrow. The arrow hits Sigmund.
Sigmund is lightly wounded.
Sigmund hits you but does no damage.
You shoot an arrow. The arrow hits Sigmund!
Sigmund is heavily wounded.
Sigmund hits you from afar with a +0 scythe.
You shoot an arrow. The arrow hits Sigmund!
Sigmund is severely wounded.
Sigmund barely misses you.
Sigmund points at you and mumbles some strange words.
You are confused.
Sigmund casts a spell at you. The puff of flame hits you!
Ouch! That really hurt!
Enter note:
Enter note:
Enter note:
Enter note:
Enter note:
Enter note:
Enter note:
Enter note: Sigmund casts a spell at you.
The magic dart hits you. Sigmund closely misses you.
You feel less confused.
Sigmund screams, "Only death can liberate you!"
Sigmund hits you from afar with a +0 scythe.
You die...

#####............####
#...>....###.#... #
####.###.###.#.## #.
## #.# #.#.....#
#.####.. #.#
#.....#### #....#.
#.#####....... ....
#........#####
#.####.####
######.....#..
#........@#
#....#........
######.##.#
#........#.#.# #.##@#
#.)....#.#.#.# #.#...
#..#####.#.#..
#.######........#.#..
#..........<......#..
########.############
#.............
##############


You could see Sigmund.

Vanquished Creatures
  A dart slug (D:1)
  2 endoplasms (D:1)
  4 giant cockroaches
  3 goblins (D:1)
  4 hobgoblins (D:1)
  A quokka (D:2)
  6 ball pythons
  5 bats (D:1)
  2 frilled lizards (D:2)
  6 kobolds
34 creatures vanquished.

Notes
Turn   | Place    | Note
-------+----------+-------------------------------------------
     0 | D:1      | qw the Deep Elf Hunter began the quest for the Orb.
     0 | D:1      | Reached XP level 1. HP: 12/12 MP: 3/3
     0 | D:1      | 0 ||| qw: Version: 0.3-a-9-g12657ce
     0 | D:1      | 0 ||| qw: Game counter: 4203
     0 | D:1      | 0 ||| qw: Always use a shield: true
     0 | D:1      | 0 ||| qw: God list: Okawaru
     0 | D:1      | 0 ||| qw: Allow faded altars: false
     0 | D:1      | 0 ||| qw: Do Orc after D:15 true
     0 | D:1      | 0 ||| qw: Do second Lair branch before Depths: true
     0 | D:1      | 0 ||| qw: Lair rune preference: random
     0 | D:1      | 0 ||| qw: Plans: Normal
     0 | D:1      | 0 ||| PLANNING D:1-11
   103 | D:1      | Found Exeducy's Magic Scroll Shoppe.
   107 | D:1      | Reached skill level 6 in Ranged Weapons
   107 | D:1      | Reached XP level 2. HP: 14/16 MP: 4/4
   332 | D:1      | Found Niobrir's Jewellery Shop.
   342 | D:1      | 342 ||| SHOPLISTING +6 ring of strength (432 gold, have
                  | 46).
   342 | D:1      | 342 ||| SHOPLISTING amulet of faith (480 gold, have 46).
   342 | D:1      | 342 ||| SHOPLISTING amulet of regeneration (360 gold, have
                  | 46).
   342 | D:1      | 342 ||| SHOPLISTING ring "Yddeh" {rElec rF- Int+3 Dex+3
                  | SInv} (415 gold, have 46).
   350 | D:1      | Found Humnor's Weapon Shoppe.
   353 | D:1      | 353 ||| SHOPLISTING +2 orcbow of draining (201 gold, have
                  | 46).
   557 | D:1      | 557 ||| UPGRADING to +0 scale mail.
   604 | D:1      | 604 ||| DROPPING +0 leather armour.
   620 | D:1      | Found Husom's Antique Weapon Shoppe.
   679 | D:1      | Reached XP level 3. HP: 17/20 MP: 5/5
   928 | D:1      | 928 ||| READING scroll labelled NOEDDU LOBE.
   929 | D:1      | 929 ||| READING 2 scrolls labelled CAT REYCIST.
   934 | D:1      | 934 ||| READING scroll labelled GOLO HYPLOUJI.
   935 | D:1      | 935 ||| READING scroll labelled UNUKUS EXZUPH.
   936 | D:1      | 936 ||| READING scroll labelled BESISO WOPHOEM.
   937 | D:1      | 937 ||| DRINKING 2 murky yellow potions.
   944 | D:1      | 944 ||| DROPPING scroll of butterflies.
   945 | D:1      | 945 ||| DROPPING potion of ambrosia.
  1456 | D:2      | Noticed Sigmund
  1462 | D:2      | HP: 2/20 [Sigmund/puff of flame (11)]
  1466 | D:2      | Slain by Sigmund

Levels and vault maps discovered:
D:1:      dpeg_arrival_boxorama, layout_loops_ring, serial_shops,
          nicolae_square_shop, shop, shop, nicolae_shop_tiny_real_fake_doors,
          columned_hall_lemuel, hex_medium, reono_crystal_passage, fountainhead
D:2:      layout_basic, uniq_sigmund

Skill      XL: |  1 |
---------------+----+-----
Ranged Weapons | 6 |  6.8
Fighting       | |  1.5
Dodging        | |  2.4
Stealth        | |  1.2

Action                     || total
---------------------------++-------
   Fire: Shortbow          ||   102
    Use: Scroll            ||     5
         Potion            ||     1
 Armour: Leather armour    ||     3
         Scale mail        ||    24
  Dodge: Dodged            ||    44

Table legend:
 A = Non-vault XP
 B = Vault XP
 C = Vault XP percentage of total XP
 D = Non-vault monster count
 E = Vault monster count
 F = Vault count percentage of total count
                 A         B        C        D         E       F
            +---------+---------+-------+---------+---------+-------
      Total |      56 |       0 |   0.0 |      34 |       0 |   0.0
            +---------+---------+-------+---------+---------+-------
        D:1 |      42 |       0 |   0.0 |      26 |       0 |   0.0
        D:2 |      14 |       0 |   0.0 |       8 |       0 |   0.0
            +---------+---------+-------+---------+---------+-------
